 Dungeon Crawl Stone Soup version 0.28-a0-479-g5baa6b73be (webtiles) character file.

Game seed: 7698086514256127326

158539 robertstho the Eclecticist (level 18, -74/128 HPs)
             Began as a Djinni Fire Elementalist on Sept 17, 2021.
             Was an Initiate of Gozag.
             Killed from afar by an ice dragon (81 damage)
             ... with a blast of cold
             ... on level 15 of the Dungeon.
             The game lasted 01:06:43 (36311 turns).

robertstho the Eclecticist (DjFE)                  Turns: 36311, Time: 01:06:44

Health: -74/128    AC: 20    Str:  7    XL:     18   Next: 35%
Gold:   3542       EV: 14    Int: 40    God:    Gozag SH:  6 Dex: 11

rFire   + + +      SeeInvis .   S - +12 war axe "Conservator" {flame, Fly rCorr MP+9 Stlth+}
rCold   x . .      Faith    .   r - +2 buckler {rPois}
rNeg    . . .      Spirit   .   W - +4 robe of Folly {Brilliance Will-∞ Int+8}
rPois   ∞          Reflect  .   X - +3 hat of Pondering {ponderous, Will+ MP+10 Int+5}
rElec   .          Harm     .   K - +0 cloak
rCorr   +          Rampage  .   Z - +0 pair of gloves of the Vestibule of Hell {rF+ Int+3 Dex-4}
Will    .....                   (boots unavailable)
Stlth   ++++......              g - amulet of the acrobat
HPRegen 0.31/turn               x - +4 ring of protection
MPRegen 0.00/turn               Q - +4 ring of protection

@: gold aura, flying, slow
A: sickness immunity, fire resistance 2, cold vulnerability 1, float, innate
caster, hp casting, extra vitality 1
a: Renounce Religion, Potion Petition, Call Merchant, Bribe Branch


You were on level 15 of the Dungeon.
You worshipped Gozag.
Gozag was most pleased with you.
You visited 4 branches of the dungeon, and saw 24 of its levels.
You also visited: Bailey.

You collected 8186 gold pieces.
You spent 2859 gold pieces at shops.
You paid 1785 gold pieces to Gozag.

Inventory:

Hand Weapons
 B - the +9 hand axe of Nuont {vorpal, rF+}
   (You found it on level 6 of the Dungeon)

   It inflicts extra damage upon your enemies.
   rF:        It protects you from fire.
 I - the +6 long sword of the Doomed Warrior {holy, *Corrode Will++ Int+4 Dex+4}
   (You found it on level 8 of the Dungeon)

   It has been blessed by the Shining One to cause great damage to the undead
   and demons.
   Int:       It affects your intelligence (+4).
   Dex:       It affects your dexterity (+4).
   *Corrode:  It may corrode you when you take damage.
   Will:      It greatly increases your willpower.
 S - the +12 war axe "Conservator" (weapon) {flame, Fly rCorr MP+9 Stlth+}
   (You found it on level 12 of the Dungeon)

   It burns those it strikes, dealing additional fire damage.
   Big, fiery blades are also staple armaments of hydra-hunters.
   MP:        It affects your magic capacity (+9).
   Fly:       It grants you flight.
   rCorr:     It protects you from acid and corrosion.
   Stlth:     It makes you more stealthy.
Armour
 d - the +1 leather armour "Axtew" {rC+ Stlth+}
   (You found it on level 6 of the Dungeon)

   rC:        It protects you from cold.
   Stlth:     It makes you more stealthy.
 r - a +2 buckler of poison resistance (worn)
 K - a +0 cloak (worn)
 W - the +4 robe of Folly (worn) {Brilliance Will-∞ Int+8}
   (You bought it in a shop on level 1 of the Lair of Beasts)

   It increases the power of your magical spells.
   It halves the magic cost of your spells (rounding up).
   It reduces your willpower to zero.
   Int:       It affects your intelligence (+8).
 X - the +3 hat of Pondering (worn) {ponderous, Will+ MP+10 Int+5}
   (You took it off Gastronok on level 2 of the Lair of Beasts)

   Int:       It affects your intelligence (+5).
   MP:        It affects your magic capacity (+10).
   Will:      It increases your willpower.
 Z - the +0 pair of gloves of the Vestibule of Hell (worn) {rF+ Int+3 Dex-4}
   (You bought it in a shop on level 3 of the Lair of Beasts)

   Int:       It affects your intelligence (+3).
   Dex:       It affects your dexterity (-4).
   rF:        It protects you from fire.
Jewellery
 c - a ring of resist corrosion
 g - an amulet of the acrobat (around neck)
 u - a +4 ring of slaying
 v - a ring of protection from cold
 w - a ring of ice
 x - a +4 ring of protection (left hand)
 y - a ring of positive energy
 D - a ring of protection from cold
 L - a ring of positive energy
 N - a +4 ring of slaying
 Q - a +4 ring of protection (right hand)
 T - a ring of see invisible
Wands
 j - a wand of mindburst (13)
 m - a wand of iceblast (14)
 p - a wand of acid (4)
 Y - a wand of digging (13)
Scrolls
 a - 7 scrolls of torment
 b - a scroll of brand weapon
 e - 7 scrolls of vulnerability
 i - 4 scrolls of enchant weapon
 l - 5 scrolls of immolation
 o - 6 scrolls of magic mapping
 q - 2 scrolls of fear
 s - 3 scrolls of enchant armour
 C - 9 scrolls of teleportation
 J - 5 scrolls of blinking
 U - 2 scrolls of summoning
 V - 2 scrolls of silence
Potions
 f - 3 potions of invisibility
 h - 4 potions of haste
 t - 6 potions of lignification
 z - 4 potions of attraction
 A - 4 potions of curing
 E - 6 potions of heal wounds
 G - 2 potions of ambrosia
 H - 4 potions of mutation
 M - 4 potions of berserk rage
 O - 3 potions of resistance
 P - 2 potions of might
 R - a potion of cancellation


   Skills:
 * Level 11.3 Fighting
 + Level 1.0(1.2) Short Blades
 + Level 1.0(1.2) Long Blades
 + Level 4.1 Axes
 + Level 5.6 Armour
 + Level 7.4 Dodging
 + Level 5.5 Stealth
 + Level 3.6 Shields
 * Level 18.7 Spellcasting
 + Level 3.0 Evocations


You had 11 spell levels left.
You knew the following spells:

 Your Spells              Type           Power      Damage    Failure   Level
a - Foxfire               Conj/Fire      100%       2x1d9     0%          1
b - Scorch                Fire           100%       2d10      0%          2
c - Conjure Flame         Conj/Fire      100%       6-21      0%          3
d - Inner Flame           Hex/Fire       100%       N/A       0%          3
e - Flame Wave            Conj/Fire      100%       3d16      0%          4
f - Beastly Appendage     Tmut           100%       N/A       0%          1
g - Call Imp              Summ           100%       N/A       0%          2
h - Blink                 Tloc           N/A        N/A       0%          2
i - Gell's Gravitas       Tloc           68%        N/A       0%          3
j - Agony                 Necr           100%       N/A       0%          5
k - Metabolic Englaciati  Hex/Ice        68%        N/A       0%          5
l - Statue Form           Tmut/Erth      90%        N/A       1%          6
m - Summon Cactus Giant   Summ           68%        N/A       1%          6
Your spell library was empty.

Dungeon Overview and Level Annotations

Branches:
Dungeon (15/15)            Temple (1/1) D:6            Lair (6/6) D:10
 Shoals (0/4) Lair:2       Spider (0/4) Lair:3        Slime (0/5) Lair:5
    Orc (2/2) D:10            Elf (0/3) Orc:2        Vaults (0/5) D:14
 Bailey (visited)
 Depths: D:15

Altars:
Ashenzari
Cheibriados
Dithmenos
Gozag
Hepliaklqana
Kikubaaqudgha
Makhleb
Nemelex Xobeh
Okawaru
Qazlal
Ru
Sif Muna
Trog
Xom
Yredelemnul
The Shining One
Beogh
Jiyva

Shops:
D:1 !   D:5 [   D:6 *   D:10 :!(*   D:11 *(*   D:12 *   Orc:2 *[!:   Lair:1 [
Lair:3 [

Portals:
Pandemonium: Orc:2

Annotations:
Lair:3 1 runed translucent door, ryw's ghost, journeyman DsMo
Lair:6 exclusion: obsidian statue


Innate Abilities, Weirdness & Mutations

You are immune to sickness and miasma.
You are immune to poison.
Your flesh is very heat resistant. (rF++)
You are vulnerable to cold. (rC-)
You float through the air rather than walking.
You learn spells naturally, not from books.
Your magical power is your life essence.
You have superior vitality. (+4 HP)


Message History

You block the fire dragon's attack.
The fire dragon tramples you but does no damage.
The ice dragon bites you.
The ice dragon claws you but does no damage.
The ice dragon tramples you!
You are shoved backwards!
You hit the ice dragon. You burn the ice dragon.
The ice dragon is heavily wounded.
The fire dragon stops moving altogether!
The ice dragon breathes frost at you. The blast of cold hits you!
You feel a terrible chill!
You hear a roar!
Unknown command.
You hit the ice dragon. You burn the ice dragon.
The ice dragon is severely wounded.
The ice dragon bites you but does no damage.
The ice dragon claws you. The ice dragon barely misses you.
Your cactus giant hits the fire dragon with a +0 giant spiked club!!
The ice dragon closely misses you. x2
The ice dragon tramples you but does no damage.
You hit the ice dragon. You burn the ice dragon.
The ice dragon is severely wounded.
The ice dragon bites you but does no damage.
The ice dragon barely misses you. You block the ice dragon's attack.
Unknown command.
You hit the ice dragon. You burn the ice dragon.
The ice dragon is almost dead.
The ice dragon misses you. The ice dragon completely misses you.
The ice dragon tramples you.
You hold your ground!
Your cactus giant hits the fire dragon with a +0 giant spiked club!
Unknown command.
You closely miss the ice dragon.
The ice dragon is almost dead.
The ice dragon breathes frost at you. The blast of cold hits you!!!
You feel a terrible chill!
* * * LOW HITPOINT WARNING * * *
The ice dragon breathes frost at you. The blast of cold hits you!!!!
You feel a terrible chill!
Ouch! That really hurt!
You die...
Your body crumbles into a pile of gold.

.$$$$ # #####. #.
##.... #. ##...# $
#.#####..8.## $$$$#
#....#C.....########
#....D$..^...§......
#..@D...$...........
##################..
#.. #..
##################..
#...................
#...................
#.##################
#.#


You could see a fire dragon (petrified, slow), an ice dragon (catching breath,
ally target) and a friendly cactus giant (summoned).

Vanquished Creatures
  Gastronok (Lair:2)
  An ironbound preserver (D:14)
  2 dire elephants (Lair:6)
  Azrael (D:12)
  Josephine (D:10)
  12 hydras
  4 centaur warriors
  3 boulder beetles
  A catoblepas (D:15)
  5 two-headed ogres
  Erica (Lair:2)
  5 tengu warriors
  16 death yaks
  Nergalle (D:12)
  5 orc high priests (Orc:2)
  Sonja (Lair:1)
  A soul eater (Orc:2)
  A spectral death yak (Lair:6)
  3 skeletal warriors (D:13)
  A spectral anaconda (Lair:6)
  3 torturous demonspawn (Orc:2)
  4 orc knights
  A wizard (D:14)
  7 ugly things (D:14)
  3 necromancers (Lair:6)
  A manticore (D:11)
  8 orc sorcerers
  10 cyclopes
  An oklob plant (Lair:5)
  8 black mambas
  A dire elephant zombie (Lair:6)
  Joseph (D:7)
  3 centaur zombies (D:10)
  Maurice (D:11)
  13 elephants (Lair:6)
  A merfolk siren (Lair:2)
  2 torpor snails
  A dire elephant skeleton (Lair:6)
  An unseen horror (D:12)
  20 cane toads
  2 orange demons (Orc:2)
  A kobold demonologist (D:11)
  16 komodo dragons
  Psyche (D:10)
  2 rime drakes
  4 tengu conjurers
  A hellwing (Orc:2)
  2 trolls
  A troll (shapeshifter) (D:14)
  2 polar bears
  17 blink frogs
  6 dream sheep (Lair:6)
  Prince Ribbit (Lair:1)
  4 slime creatures (D:14)
  A vampire (D:11)
  7 wraiths
  A shadow (D:11)
  4 wyverns
  4 basilisks
  40 yaks
  3 steam dragons
  A fire elemental (D:11)
  Grum (D:11)
  A death yak simulacrum (Lair:6)
  12 vampire mosquitoes
  A spectral cane toad (Lair:6)
  4 wargs
  2 acid dragons
  14 water moccasins
  48 orc warriors
  3 black bears
  2 elephant zombies (Lair:6)
  2 sky beasts
  9 ogres
  14 wolves
  19 centaurs
  A phantom (D:5)
  2 elephant skeletons (Lair:6)
  Blork the orc (D:6)
  2 gnoll sergeants
  A kobold brigand (D:9)
  7 bullfrogs
  2 wyvern zombies
  4 cane toad simulacra (Lair:6)
  A scorpion (D:4)
  2 wyvern skeletons
  A water moccasin skeleton (D:6)
  17 killer bees
  An electric eel (Lair:6)
  A hound (D:5)
  2 bullfrog skeletons (D:5)
  5 jellies
  23 orc priests
  A centaur skeleton (D:7)
  A gnoll shaman (D:8)
  3 iguanas
  Terence (D:3)
  20 orc wizards
  A scorpion zombie (D:5)
  7 hell rats (Lair:5)
  A howler monkey zombie (D:7)
  15 gnolls
  9 adders
  3 shadow imps
  A white imp (D:6)
  95 orcs
  4 endoplasms
  3 giant cockroaches
  8 hobgoblins
  15 kobolds
  5 quokkas
  4 ball pythons
  4 bats
  3 frilled lizards
  4 goblins
  11 rats
  8 bushes (Lair:5)
709 creatures vanquished.

Vanquished Creatures (collateral kills)
  Frances (D:14)
  2 boulder beetles
  A catoblepas (D:13)
  A fire crab (shapeshifter) (D:13)
  A sun demon (Orc:2)
  2 skeletal warriors (D:13)
  2 orc knights (Orc:2)
  3 ugly things (D:14)
  A deep elf pyromancer (D:12)
  A gargoyle (D:12)
  A red devil (Orc:2)
  A fire elemental (D:12)
  A chaos spawn (Orc:2)
  3 hell hounds (D:12)
  3 orc warriors (Orc:2)
  An orc priest (Orc:2)
  An orc (Orc:2)
  27 foxfires
53 creatures vanquished.

Vanquished Creatures (others)
  2184 foxfires
  59 fungi
  37 plants
  25 withered plants (Lair:6)
2305 creatures vanquished.

Grand Total: 3067 creatures vanquished

Notes
Turn   | Place    | Note
-------+----------+-------------------------------------------
     0 | D:1      | robertstho the Djinni Fire Elementalist began the quest for
                  | the Orb.
     0 | D:1      | Reached XP level 1. HP: 15/15 MP: 0/0
   486 | D:1      | Reached XP level 2. HP: 20/22 MP: 0/0
  1332 | D:1      | Found Gest's Distillery.
  1377 | D:2      | Reached skill level 3 in Spellcasting
  1380 | D:2      | Reached XP level 3. HP: 18/26 MP: 0/0
  1380 | D:2      | Learned a level 1 spell: Beastly Appendage
  1624 | D:2      | Reached XP level 4. HP: 17/31 MP: 0/0
  2135 | D:2      | Reached XP level 5. HP: 34/36 MP: 0/0
  2135 | D:2      | Learned a level 2 spell: Call Imp
  2137 | D:2      | Reached skill level 1 in Fighting
  2373 | D:2      | Reached skill level 4 in Spellcasting
  2726 | D:3      | Noticed a sky beast
  2729 | D:3      | Killed a sky beast
  2730 | D:3      | Reached XP level 6. HP: 27/42 MP: 0/0
  2874 | D:3      | Reached skill level 5 in Spellcasting
  3271 | D:3      | Noticed Terence
  3279 | D:3      | Killed Terence
  3770 | D:3      | Found a sacrificial altar of Ru.
  3933 | D:4      | Found a snail-covered altar of Cheibriados.
  3939 | D:4      | Found a broken altar of Ashenzari.
  3991 | D:4      | Noticed an ogre
  3998 | D:4      | Killed an ogre
  3999 | D:4      | Reached XP level 7. HP: 31/47 MP: 0/0
  3999 | D:4      | Learned a level 2 spell: Blink
  4733 | D:4      | Reached skill level 6 in Spellcasting
  5068 | D:5      | Entered Level 5 of the Dungeon
  5156 | D:5      | Reached XP level 8. HP: 16/55 MP: 0/0
  5794 | D:5      | Found Tuak's Armour Shoppe.
  6288 | D:6      | Identified the +9 hand axe of Nuont {vorpal, rF+}
  6321 | D:6      | Found Witiwig's Gadget Gallery.
  6345 | D:6      | Found a staircase to the Ecumenical Temple.
  6350 | Temple   | Entered the Ecumenical Temple
  6370 | Temple   | Became a worshipper of Gozag Ym Sagoz the Greedy
  6425 | D:6      | Noticed Blork the orc
  6429 | D:6      | Killed Blork the orc
  6430 | D:6      | Reached skill level 7 in Spellcasting
  7249 | D:6      | Identified the +1 leather armour "Axtew" {rC+ Stlth+}
  7436 | D:6      | Reached XP level 9. HP: 32/59 MP: 0/0
  7436 | D:6      | Learned a level 3 spell: Gell's Gravitas
  7638 | D:7      | Reached skill level 8 in Spellcasting
  8013 | D:7      | Found an iron altar of Okawaru.
  8393 | D:7      | Noticed Joseph
  8397 | D:7      | Killed Joseph
  8398 | D:7      | Reached skill level 1 in Armour
  8398 | D:7      | Reached skill level 9 in Spellcasting
  8648 | D:7      | Noticed a cyclops
  8651 | D:7      | Killed a cyclops
  8652 | D:7      | Reached XP level 10. HP: 47/67 MP: 0/0
  8867 | D:8      | Found a flagged portal.
  8874 | Bailey   | Entered a bailey
  9379 | Bailey   | Reached skill level 10 in Spellcasting
 10878 | Bailey   | Reached XP level 11. HP: 59/78 MP: 0/0
 10878 | Bailey   | Learned a level 5 spell: Agony
 11102 | D:8      | Reached skill level 11 in Spellcasting
 11567 | D:8      | Identified the +6 long sword of the Doomed Warrior {holy,
                  | *Corrode Will++ Int+4 Dex+4}
 11697 | D:8      | Noticed a two-headed ogre
 11703 | D:8      | Killed a two-headed ogre
 11816 | D:8      | Found a viscous altar of Jiyva.
 11890 | D:8      | Found a shimmering altar of Xom.
 12285 | D:9      | Found a glowing golden altar of the Shining One.
 12688 | D:9      | Noticed a boulder beetle
 12704 | D:9      | Killed a boulder beetle
 12705 | D:9      | Reached XP level 12. HP: 24/84 MP: 0/0
 13080 | D:10     | Entered Level 10 of the Dungeon
 13080 | D:10     | Found Cubicwag's Weapon Emporium.
 13092 | D:10     | Reached skill level 5 in Dodging
 13092 | D:10     | Noticed Josephine
 13103 | D:10     | Killed Josephine
 13111 | D:10     | Reached skill level 12 in Spellcasting
 13394 | D:10     | Found Wykluz's Distillery.
 13402 | D:10     | Bought a potion of magic for 128 gold pieces
 13402 | D:10     | Bought a potion of resistance for 160 gold pieces
 13402 | D:10     | Bought 2 potions of mutation for 256 gold pieces
 13402 | D:10     | Bought a potion of might for 64 gold pieces
 13402 | D:10     | Bought a potion of heal wounds for 80 gold pieces
 13402 | D:10     | Bought a potion of degeneration for 16 gold pieces
 13417 | D:10     | Found Ijerue's Book Emporium.
 13432 | D:10     | Noticed Psyche
 13440 | D:10     | Killed Psyche
 13842 | D:10     | Found Ikuts's Assorted Antiques.
 14672 | D:10     | Found a staircase to the Orcish Mines.
 15027 | D:10     | Found a staircase to the Lair.
 15230 | D:11     | Found Mokugg's General Store.
 15372 | D:11     | Found Xocamog's Weapon Emporium.
 15388 | D:11     | Noticed Maurice
 15403 | D:11     | Killed Maurice
 15460 | D:11     | Bought a scroll of teleportation for 39 gold pieces
 15460 | D:11     | Bought a potion of cancellation for 104 gold pieces
 15700 | D:11     | Noticed Grum
 15709 | D:11     | Killed Grum
 15710 | D:11     | Reached skill level 13 in Spellcasting
 15710 | D:11     | Reached XP level 13. HP: 66/90 MP: 0/0
 15710 | D:11     | Learned a level 5 spell: Metabolic Englaciation
 15921 | D:11     | Noticed a boulder beetle
 15963 | D:11     | Killed a boulder beetle
 16717 | D:11     | Found Hoamaax's General Store.
 16884 | D:12     | Noticed Nergalle
 16895 | D:12     | Noticed an eight-headed hydra
 16897 | D:12     | Killed Nergalle
 17172 | D:11     | Reached skill level 5 in Armour
 17353 | Lair:1   | Entered Level 1 of the Lair of Beasts
 17680 | Lair:1   | Noticed Prince Ribbit
 17684 | Lair:1   | Killed Prince Ribbit
 17687 | Lair:1   | Noticed a six-headed hydra
 17701 | Lair:1   | Killed a six-headed hydra
 18017 | Lair:1   | Noticed Sonja
 18024 | Lair:1   | Killed Sonja
 18209 | Lair:1   | Noticed a six-headed hydra
 18215 | Lair:1   | Killed a six-headed hydra
 18317 | Lair:1   | Reached skill level 14 in Spellcasting
 18523 | Lair:1   | Noticed an eight-headed hydra
 18532 | Lair:1   | Killed an eight-headed hydra
 18840 | Lair:1   | Bought the +4 robe of Folly {Brilliance Will-∞ Int+8} for
                  | 489 gold pieces
 18840 | Lair:1   | Found the +4 robe of Folly {Brilliance Will-∞ Int+8}
 18869 | Lair:2   | Found a gate leading to a gauntlet.
 19271 | Lair:2   | Noticed Erica
 19278 | Lair:2   | Noticed Gastronok
 19280 | Lair:2   | Killed Erica
 19288 | Lair:2   | Noticed a four-headed hydra
 19293 | Lair:2   | Killed Gastronok
 19294 | Lair:2   | Reached XP level 14. HP: 72/99 MP: 0/0
 19303 | Lair:2   | Found a staircase to the Shoals.
 19458 | Lair:2   | Found a hazy altar of Hepliaklqana.
 20394 | Lair:3   | Found a runed translucent door.
 20754 | Lair:3   | Reached skill level 15 in Spellcasting
 20814 | Lair:3   | Found a hole to the Spider Nest.
 21300 | Lair:3   | Noticed ryw's ghost (journeyman DsMo)
 21546 | Lair:3   | Bought a pair of dazzling gloves for 323 gold pieces
 21546 | Lair:3   | Identified the +0 pair of gloves of the Vestibule of Hell
                  | {rF+ Int+3 Dex-4} (You bought it in a shop on level 3 of
                  | the Lair of Beasts)
 22241 | Lair:4   | Found a stormy altar of Qazlal.
 22687 | Lair:3   | Bought a shiny buckler for 255 gold pieces
 22772 | Lair:4   | You are sucked into a shaft and drop 1 floor!
 23311 | Lair:5   | Reached XP level 15. HP: 64/105 MP: 0/0
 23311 | Lair:5   | Learned a level 6 spell: Statue Form
 23973 | Lair:5   | Found a staircase to the Slime Pits.
 23973 | Lair:5   | Found a viscous altar of Jiyva.
 24631 | Lair:4   | Reached skill level 16 in Spellcasting
 24974 | Lair:6   | Entered Level 6 of the Lair of Beasts
 26874 | Lair:6   | Reached skill level 10 in Fighting
 26874 | Lair:6   | Reached skill level 17 in Spellcasting
 26875 | Lair:6   | Reached XP level 16. HP: 102/113 MP: 0/0
 26877 | Lair:6   | Reached skill level 1 in Short Blades
 26877 | Lair:6   | Reached skill level 1 in Long Blades
 26877 | Lair:6   | Reached skill level 5 in Stealth
 26877 | Lair:6   | Reached XP level 17. HP: 106/119 MP: 0/0
 26877 | Lair:6   | Learned a level 6 spell: Summon Cactus Giant
 27673 | Orc:1    | Entered Level 1 of the Orcish Mines
 28541 | Orc:2    | Entered Level 2 of the Orcish Mines
 29214 | Orc:2    | Found a burning altar of Makhleb.
 29481 | Orc:2    | Found a staircase to the Elven Halls.
 29517 | Orc:2    | Found Husych's Distillery.
 29521 | Orc:2    | Found Liffozosh's General Store.
 30255 | Orc:2    | Bought a potion of invisibility for 120 gold pieces
 30255 | Orc:2    | Bought a potion of resistance for 150 gold pieces
 30255 | Orc:2    | Bought a potion of curing for 45 gold pieces
 30255 | Orc:2    | Bought a potion of berserk rage for 75 gold pieces
 30255 | Orc:2    | Bought a potion of heal wounds for 75 gold pieces
 30257 | Orc:2    | Bought a scroll of amnesia for 45 gold pieces
 30257 | Orc:2    | Bought a scroll of teleportation for 39 gold pieces
 30257 | Orc:2    | Bought a potion of ambrosia for 104 gold pieces
 30257 | Orc:2    | Bought 3 scrolls of vulnerability for 292 gold pieces
 30498 | Orc:2    | Paralysed by an orc sorcerer for 6 turns
 30818 | Orc:2    | Paralysed by an orc sorcerer for 6 turns
 30862 | Orc:2    | Paralysed by an orc sorcerer for 3 turns
 31390 | Orc:2    | Found Nadwihaor's Antique Armour Shop.
 31390 | Orc:2    | Found Uwomargh's Book Boutique.
 31414 | Orc:2    | Found a one-way gate leading to the halls of Pandemonium.
 32093 | D:12     | Reached skill level 18 in Spellcasting
 32126 | D:12     | Noticed Azrael
 32141 | D:12     | Killed Azrael
 32826 | D:12     | Found Yruxkaz's CLEARANCE SALE!.
 32961 | D:12     | Identified the +12 war axe "Conservator" {flame, Fly rCorr
                  | MP+9 Stlth+}
 34382 | D:14     | Reached XP level 18. HP: 110/128 MP: 0/0
 34578 | D:14     | Found a gate to the Vaults.
 35434 | D:14     | Noticed Frances
 35456 | D:14     | Killed Frances
 35821 | D:15     | Entered Level 15 of the Dungeon
 36311 | D:15     | Killed from afar by an ice dragon

Illustrated notes

Levels and vault maps discovered:
D:1:      giann_wishing_wells, layout_loops_corners, serial_shops,
          nicolae_lakefront_shop, hangedman_feature_mirror
D:2:      layout_rooms, minmay_rat_gold_closets
D:3:      layout_loops_ring, nicolae_ru_the_path_less_chosen, uniq_terence
D:4:      layout_gridville, mainiacjoe_overflow_catwalk_spiral
D:5:      layout_basic, serial_shops, shop
D:6:      layout_basic, temple_doors_e, nicolae_shop_gadgets, uniq_blork_the_orc
D:7:      layout_loops_cross, mainiacjoe_overflow_tiny_flanked, dk_vineyard_3,
          hangedman_decor_peaks_small, uniq_joseph
D:8:      layout_gridville, mainiacjoe_overflow_cross_hatched, enter_bailey_2,
          jiyva_altar_1
D:9:      layout_roguey, tso_oasis_becter
D:10:     layout_cross, erik_lair_dragon, david_orc_4, serial_shops,
          nicolae_stop_n_shop_2, nicolae_stop_n_shop_2, nicolae_shop_crystal,
          shop_statue, minmay_misc_feat_hallway, uniq_psyche, uniq_josephine
D:11:     layout_irregular_city, serial_shops, shop, shop, shop, serial_rivers,
          chequers_serial_rivers_micro_a, chequers_serial_rivers_small_b,
          chequers_serial_rivers_small_a, chequers_serial_rivers_micro_d,
          chequers_serial_rivers_micro_b, chequers_serial_rivers_large_a,
          uniq_grum, uniq_maurice
D:12:     layout_irregular_city, nicolae_shop_clearance, uniq_azrael,
          uniq_nergalle
D:13:     layout_loops_ring, hex_medium
D:14:     layout_loops_cross, skrybe_vaults_entry_preservation,
          minmay_misc_feat_rows, uniq_frances
D:15:     grunt_enter_depths_hoard, layout_long_grid, serial_shops, shop,
          ebering_ghost_funeral_grove, nicolae_qazlal_style_of_elements,
          zin_angel
Temple:   eino_temple_scatter_basement
Lair:1:   layout_cave_pods, uniq_sonja, uniq_prince_ribbit2
Lair:2:   layout_small_grid, minmay_shoals_entry_lonely_mermaid, basic_altar,
          gauntlet_entry_generic, lemuel_fruit_tree, grunt_megastairs_5,
          uniq_erica, uniq_gastronok
Lair:3:   layout_regular_city, dummy_spider_entry, ebering_ghost_reflecting_pool
Lair:4:   layout_loops_ring, basic_altar, chequers_serial_rivers_small_b
Lair:5:   layout_loops_ring, slime_altar_1, minmay_lair_oklob_bushes,
          beast_lair_carwin_1
Lair:6:   due_jungle_book, layout_gridlike, infiniplex_staircase_pool
Orc:1:    layout_diamond_mine
Orc:2:    pf_orc_diabolical, layout_diamond_mine, basic_altar, bloody_makhleb

Skill      XL: |  1  2  3  4  5  6  7  8  9 10 11 12 13 14 15 16 17 18 |
---------------+-------------------------------------------------------+-----
Spellcasting   | 3 4 5 6 7 9 10 11 13 14 15 17 18 | 18.7
Fighting       | 1 2 4 6 7 8 9 10 11 | 11.3
Stealth        | 2 3 4 5 |  5.5
Armour         | 1 4 5 |  5.6
Axes           | 2 3 4 |  4.1
Dodging        | 4 5 6 7 |  7.4
Shields        | 2 3 |  3.6
Evocations     | 2 3 |  3.0
Short Blades   | 1 |  1.0
Long Blades    | 1 |  1.0

Action                   |  1- 3 |  4- 6 |  7- 9 | 10-12 | 13-15 | 16-18 || total
-------------------------+-------+-------+-------+-------+-------+-------++-------
Melee: Unarmed           |       |     1 |       |       |       |       ||     1
       Falchion          |       |     3 |       |       |       |       ||     3
       Hand axe          |       |       |       |     8 |    28 |    22 ||    58
       War axe           |       |       |       |       |       |    50 ||    50
 Cast: Foxfire           |    57 |    39 |   139 |   405 |   365 |   225 ||  1230
       Scorch            |     2 |    42 |    48 |    46 |    81 |    36 ||   255
       Flame Wave        |       |       |     8 |    42 |   121 |    98 ||   269
       Gell's Gravitas   |       |       |       |     1 |       |       ||     1
       Metabolic Englaci |       |       |       |       |    78 |    58 ||   136
       Call Imp          |       |       |       |       |     5 |       ||     5
       Summon Cactus Gia |       |       |       |       |       |    17 ||    17
       Statue Form       |       |       |       |       |       |     4 ||     4
Invok: Call Merchant     |       |       |       |       |     2 |       ||     2
       Potion Petition   |       |       |       |       |     1 |       ||     1
Evoke: Wand              |       |       |     1 |       |       |     3 ||     4
  Use: Scroll            |       |       |     9 |     2 |     1 |     6 ||    18
       Potion            |       |       |       |     2 |     2 |     2 ||     6
 Stab: Sleeping          |       |       |       |     1 |     3 |     1 ||     5
       Petrified         |       |       |       |       |       |     4 ||     4
Armor: Robe              |     2 |     1 |     5 |       |    29 |    58 ||    95
       Leather armour    |       |       |     1 |    40 |    27 |       ||    68
       Skin              |       |       |       |       |       |    26 ||    26
Dodge: Dodged            |     5 |    11 |    22 |    79 |   135 |   139 ||   391
Block: Buckler           |       |       |       |       |    22 |    63 ||    85

Table legend: (Time is in decaauts)
 A = Elapsed time spent in this place.
 B = Non-inter-level travel time spent in this place.
 C = Inter-level travel time spent in this place.
 D = Time resting spent in this place.
 E = Time spent auto-exploring this place.
 F = Levels seen in this place.
 G = Mean time per level.
                   A        B        C        D        E       F      G
               +--------+--------+--------+--------+--------+-----+--------+
         Total |  37174 |  35687 |   1487 |   2713 |  28051 |  25 | 1487.0 |
       Dungeon |  20005 |  19038 |    967 |    961 |  15666 |  15 | 1333.7 |
        Temple |     37 |     20 |     17 |      0 |     10 |   1 |   37.0 |
          Lair |  10527 |  10206 |    321 |   1040 |   7905 |   6 | 1754.5 |
  Orcish Mines |   4402 |   4221 |    181 |      0 |   3456 |   2 | 2201.0 |
        Bailey |   2200 |   2200 |      0 |    712 |   1013 |   1 | 2200.0 |
               +--------+--------+--------+--------+--------+-----+--------+

Top non-repeatable levels by time:
   Orc:2: 3297 daAuts
  Lair:6: 2306 daAuts
    D:10: 2227 daAuts
  Bailey: 2200 daAuts
  Lair:5: 2184 daAuts
    D:11: 1997 daAuts
  Lair:4: 1611 daAuts
    D:14: 1598 daAuts
  Lair:1: 1525 daAuts
  Lair:2: 1507 daAuts
    D:13: 1442 daAuts
     D:4: 1409 daAuts
  Lair:3: 1391 daAuts
     D:1: 1374 daAuts
     D:6: 1336 daAuts
